 Dungeon Crawl Stone Soup version 0.16-a0-1029-gdfc7942 (webtiles) character file.

440 Hodglim the Magician (level 6, -1/32 HPs)
             Began as a Deep Elf Fire Elementalist on Oct 4, 2014.
             Slain by Foahim's ghost (13 damage)
             ... on level 3 of the Dungeon.
             The game lasted 00:22:31 (3838 turns).

Hodglim the Magician (Deep Elf Fire Elementalist)   Turns: 3838, Time: 00:22:31

HP  -1/32        AC  3     Str  5      XL: 6   Next: 70%
MP   6/22        EV 13     Int 22      God:
Gold 145         SH  0     Dex 15      Spells:  3 memorised,  9 levels left

rFire  . . .     SeeInvis .     k - +1 short sword
rCold  . . .     Clarity  .     a - +1 robe
rNeg   . . .     rCorr    .     (no shield)
rPois  .         rRot     .     (no helmet)
rElec  .         Spirit   .     (no cloak)
SustAb .         Warding  .     (no gloves)
rMut   .         Stasis   .     (no boots)
Gourm  .                        (no amulet)
MR     .....                    (no ring)
                                (no ring)

@: very slightly contaminated, not resistant to hostile enchantments, unstealthy
A: no striking features
a: no special abilities


You were on level 3 of the Dungeon.
You were hungry.

You visited 1 branch of the dungeon, and saw 4 of its levels.

You collected 145 gold pieces.

Inventory:

Hand weapons
 d - a +0 dagger
 k - a +1 short sword (weapon)
 o - a +1 whip of electrocution
Armour
 a - a +1 robe (worn)
 w - a +0 helmet
Magical devices
 i - a wand of flame (5) {unknown}
 j - a wand of frost (3) {unknown}
 m - a wand of polymorph (10) {unknown}
 B - a wand of fire (11) {unknown}
Comestibles
 c - 2 bread rations
 h - a meat ration
 p - 4 fruits
 u - 2 rotting chunks of hobgoblin flesh
 A - a beef jerky
Scrolls
 e - 3 scrolls of identify
 f - a scroll of amnesia
 q - a scroll of enchant weapon
 x - 2 scrolls of remove curse
 y - a scroll of recharging {unknown}
 z - a scroll of random uselessness {unknown}
Jewellery
 v - an uncursed ring of protection from fire {unknown}
Potions
 g - a potion of heal wounds {unknown}
 l - 4 potions of curing
 r - a potion of resistance {unknown}
 s - a potion of agility {unknown}
 t - a potion of magic {unknown}
 C - a potion of brilliance {unknown}
Books
 b - a book of Flames

   Spells                             Type                      Level
   *Flame Tongue                      Conjuration/Fire             1
   Throw Flame                        Conjuration/Fire             2
   *Conjure Flame                     Conjuration/Fire             3
   Inner Flame                        Hexes/Fire                   3
   *Sticky Flame                      Conjuration/Fire             4
   Fireball                           Conjuration/Fire             5


   Skills:
 - Level 2.4 Dodging
 - Level 2.4 Stealth
 + Level 6.3 Spellcasting
 + Level 4.3 Conjurations
 + Level 5.4 Fire Magic


You had 9 spell levels left.
You knew the following spells:

 Your Spells              Type           Power        Failure   Level  Hunger
a - Flame Tongue          Conj/Fire      ####.        1%          1    None
b - Sticky Flame          Conj/Fire      ####....     14%         4    ###....
c - Conjure Flame         Conj/Fire      ####....     4%          3    ##.....


Dungeon Overview and Level Annotations

Branches:
Dungeon (4/15)
 Temple: D:4-7

Altars:
Elyvilon
Gozag

Shops:
D:3 *

Annotations:
D:3 Foahim's ghost, average DrFi


Message History

Press: ? - help, Shift-Dir - straight line, f/p - Foahim's ghost
Aim: Foahim's ghost (severely damaged)
The flame tongue hits Foahim's ghost.
Foahim's ghost appears unharmed.
Foahim's ghost is severely damaged.
Foahim's ghost hits you!
* * * LOW HITPOINT WARNING * * *
Casting: Flame Tongue
Confirm with . or Enter, or press ? or * to list all spells.
Aiming: Sticky Flame
Press: ? - help, Shift-Dir - straight line, f/p - Foahim's ghost
Aim: Foahim's ghost (severely damaged)
The sticky flame hits Foahim's ghost.
Foahim's ghost appears unharmed.
Foahim's ghost is severely damaged.
Foahim's ghost closely misses you.
Drink which item? (? for menu, Esc to quit)
You feel better. Foahim's ghost closely misses you. Foahim's ghost hits you.
There is a stone staircase leading down here.
Foahim's ghost hits you!
You die...

#?.# ####..### #.......
#.###.##..###### ♣
.............# ♣♣♣
♣♣####.......#..# ..♣♣
♣♣............#..#
...♣♣♣................#
≈...♣...≈≈≈....W@.....####
≈≈.....≈≈≈≈≈.............#
≈≈.(...≈≈♣≈≈..........##.#####
≈≈.....≈≈≈≈≈....###............
≈...♣...≈≈≈............#.#
...♣♣♣........####.......# ..♣♣
♣♣................#.# ♣♣♣
♣.##...####.).###.# ♣
#............## #


You could see Foahim's ghost.

Vanquished Creatures
  2 phantoms
  2 hounds
  An orc wizard (D:3)
  A worker ant (D:4)
  7 adders
  2 worms
  5 orcs
  4 giant cockroaches
  9 goblins
  8 hobgoblins
  10 jackals
  10 kobolds
  A quokka (D:2)
  13 bats
  A giant gecko (D:3)
  5 giant newts
  An orc skeleton (D:4)
  7 rats
89 creatures vanquished.

Notes
Turn   | Place    | Note
--------------------------------------------------------------
     0 | D:1      | Hodglim, the Deep Elf Fire Elementalist, began the quest for the Orb.
     0 | D:1      | Reached XP level 1. HP: 10/10 MP: 5/5
   273 | D:1      | Reached XP level 2. HP: 6/15 MP: 0/8
  1005 | D:1      | Reached XP level 3. HP: 11/19 MP: 2/11
  1006 | D:1      | Reached skill level 4 in Spellcasting
  1719 | D:2      | Reached XP level 4. HP: 22/24 MP: 12/15
  1741 | D:2      | Learned a level 4 spell: Sticky Flame
  1745 | D:2      | Learned a level 3 spell: Conjure Flame
  2396 | D:3      | Noticed a phantom
  2414 | D:3      | Killed a phantom
  2414 | D:3      | Reached skill level 5 in Spellcasting
  2414 | D:3      | Reached XP level 5. HP: 16/28 MP: 7/19
  2705 | D:3      | Found Gozag's Nutrition Petition.
  2706 | D:3      | Found an opulent altar of Gozag.
  2922 | D:3      | Reached skill level 5 in Fire Magic
  2922 | D:3      | Reached XP level 6. HP: 14/32 MP: 11/21
  3142 | D:3      | Noticed Foahim's ghost (average DrFi)
  3404 | D:4      | Reached skill level 6 in Spellcasting
  3799 | D:3      | Found a white marble altar of Elyvilon.
  3838 | D:3      | Slain by Foahim's ghost

Action                   |  1- 3 |  4- 6 || total
-------------------------+-------+-------++-------
Melee: Dagger            |     4 |       ||     4
 Cast: Flame Tongue      |    78 |   105 ||   183
       Sticky Flame      |       |     6 ||     6
  Use: Scroll            |     5 |     3 ||     8
       Potion            |       |     1 ||     1
  Eat: Chunk             |     2 |     7 ||     9
